Map: Dusk Towers

Players

Starkiller

  • Race: Protoss Protoss
  • League: Diamond

Frozzen - Winner!

  • Race: Zerg Zerg
  • League: Gold

VOD

Have the link to the VOD?

Description

Time

  • Played on: Nov. 16, 2015, 4:55 p.m.
  • Length: 13:05
Show
View Real Time Build Order
Export as new Build Order

Starkiller Protoss 

Build Orders: Nexus First 

Get SALT Encoding   

  12  0:02  Probe (Chrono Boost)  
  14  0:17  Pylon  
  14  0:20  Probe (Chrono Boost)  
  14  0:30  Probe (Chrono Boost)  
  15  0:41  Probe (Chrono Boost)  
  16  0:51  Probe (Chrono Boost)  
  17  1:02  Probe (Chrono Boost), Nexus  
  18  1:13  Gateway  
  18  1:17  Assimilator  
  18  1:24  Assimilator  
  18  1:25  Probe (Chrono Boost)  
  19  1:36  Probe (Chrono Boost)  
  20  1:40  Pylon  
  20  1:46  Probe (Chrono Boost)  
  21  1:57  Probe (Chrono Boost)  
  22  2:03  Cybernetics Core  
  22  2:12  Probe (Chrono Boost)  
  23  2:22  Probe (Chrono Boost)  
  24  2:30  Probe (Chrono Boost)  
  24  2:33  Probe (Chrono Boost)  
  26  2:40  Adept  
  26  2:41  Probe (Chrono Boost)  
  29  2:48  Gateway  
  29  2:49  Gateway, Pylon  
  29  3:02  Mothership Core (Chrono Boost)  
  31  3:07  Sentry, Probe (Chrono Boost)  
  34  3:17  Probe (Chrono Boost)  
  35  3:39  Warp Gate (Chrono Boost)  
  35  3:42  Probe  
  35  3:45  Probe  
  37  3:51  Twilight Council  
  37  3:53  Probe  
  37  3:55  Sentry x2, Robotics Facility  
  42  3:57  Probe  
  43  4:03  Probe  
  43  4:09  Probe  
  45  4:14  Probe  
  46  4:21  Probe  
  47  4:24  Probe  
  48  4:34  Probe  
  48  4:36  Blink  
  48  4:37  Pylon  
  49  4:39  Probe  
  49  4:42  Assimilator  
  50  4:46  Probe  
  50  4:50  Probe  
  52  4:58  Probe  
  53  5:00  Probe  
  53  5:03  Pylon  
  54  5:10  Probe  
  55  5:19  Immortal (Chrono Boost)  
  55  5:21  Probe  
  59  5:22  Probe  
  59  5:24  Nexus  
  59  5:27  Pylon  
  61  5:29  Pylon x2  
  61  5:32  Pylon  
  61  5:33  Assimilator  
  61  5:34  Probe  
  61  5:35  Pylon  
  60  5:50  Stalker x3  
  66  6:01  Dark Shrine  
  66  6:04  Gateway  
  66  6:12  Gateway  
  66  6:16  Stalker x3  
  66  6:17  Gateway  
  76  6:18  Immortal (Chrono Boost)  
  76  6:23  Pylon  
  76  6:24  Assimilator  
  76  6:28  Assimilator  
  76  6:37  Pylon  
  76  6:40  Resonating Glaives  
  76  6:41  Stalker x2  
  76  6:42  Stalker, Probe  
  83  6:52  Probe, Observer (Chrono Boost)  
  85  7:03  Probe  
  86  7:11  Immortal (Chrono Boost)  
  86  7:14  Stalker x2  
  86  7:15  Stalker  
  96  7:17  Dark Templar  
  92  7:25  Dark Templar  
  92  7:36  Probe  
  92  7:39  Pylon  
  93  7:45  Immortal (Chrono Boost)  
  93  7:47  Probe  
  98  7:55  Zealot x4  
  98  7:58  Probe  
  107  8:08  Probe  
  106  8:15  Stalker x4  
  106  8:16  Stalker  
  120  8:20  Immortal (Chrono Boost)  
  120  8:30  Forge  
  120  8:31  Gateway  
  120  8:34  Pylon  
  120  8:45  Dark Templar x3  
  120  8:46  Dark Templar, Zealot  
  130  8:50  Archon x2  
  122  9:08  Immortal (Chrono Boost)  
  122  9:09  Nexus  
  122  9:14  Protoss Ground Weapons Level 1 (Chrono Boost)  
  126  9:22  Pylon  
  126  9:24  Charge  
  126  9:25  Pylon  
  126  9:27  Adept x3  
  126  9:28  Adept x3  
  120  9:55  Adept x4  
  120  9:56  Adept x2  
  120  10:16  Stalker x5  
  120  10:17  Stalker  
  132  10:22  Pylon  
  132  10:25  Immortal, Pylon  
  134  10:41  Adept  
  134  10:42  Adept x5  
  144  10:58  Photon Cannon  
  144  11:00  Protoss Ground Weapons Level 2 (Chrono Boost)  
  144  11:01  Gateway x2  
  144  11:04  Gateway  
  144  11:07  Gateway  
  144  11:12  Sentry x4  
  144  11:13  Sentry x2  
  144  11:16  Sentry  
  158  11:49  Dark Shrine  
  158  11:51  Dark Templar x3  
  164  11:55  Zealot x3  
  164  11:58  Archon  
  170  12:06  Assimilator  
  169  12:30  Adept  
  125  12:49  Zealot x2  
  125  12:50  Zealot x5  
  125  12:51  Zealot x3  
Show
View Real Time Build Order
Export as new Build Order

Frozzen Zerg - Winner!

Build Orders: Hatch First 

Get SALT Encoding   

  12  0:01  Drone  
  13  0:08  Drone  
  14  0:17  Overlord  
  14  0:24  Extractor  
  14  0:25  Drone  
  15  0:35  Drone  
  16  0:50  Hatchery  
  16  0:53  Drone  
  16  0:55  Drone  
  17  0:59  Drone  
  18  1:14  Spawning Pool  
  18  1:16  Drone  
  18  1:22  Drone  
  19  1:27  Drone  
  20  1:37  Overlord  
  20  2:01  Queen  
  20  2:02  Queen  
  20  2:03  Zergling x6  
  27  2:10  Drone  
  27  2:12  Extractor  
  27  2:13  Drone  
  28  2:20  Drone  
  29  2:29  Overlord  
  29  2:31  Drone  
  29  2:35  Drone  
  31  2:45  Drone  
  31  2:46  Queen  
  31  2:47  Drone  
  36  2:58  Drone x2  
  36  3:03  Overlord  
  37  3:06  Drone  
  37  3:10  Drone x3  
  37  3:12  Drone x3, Extractor  
  43  3:17  Metabolic Boost  
  43  3:18  Overlord  
  43  3:25  Drone  
  41  3:38  Overlord x2  
  41  3:40  Drone  
  42  3:45  Drone x3  
  42  3:46  Drone x2  
  42  3:47  Drone x2, Extractor  
  48  3:50  Lair  
  48  3:52  Zergling x2  
  49  3:56  Overlord  
  49  4:09  Drone x2  
  51  4:13  Drone x2  
  51  4:14  Drone x3  
  51  4:17  Extractor  
  55  4:22  Roach Warren  
  54  4:29  Overlord  
  53  4:50  Overseer  
  53  4:56  Queen  
  53  5:03  Glial Reconstitution  
  53  5:04  Roach x11  
  53  5:05  Hydralisk Den  
  74  5:17  Overlord x3  
  74  5:25  Hatchery  
  73  5:49  Zergling x10  
  78  5:50  Hatchery, Zergling x10  
  78  5:54  Muscular Augments  
  78  5:56  Drone  
  83  6:06  Ravager x5  
  83  6:11  Hydralisk x3  
  94  6:18  Hydralisk  
  94  6:19  Hydralisk  
  94  6:21  Overlord  
  94  6:22  Overlord x2  
  94  6:23  Zergling x4  
  100  6:33  Hydralisk x2  
  100  6:38  Drone  
  105  6:41  Hydralisk  
  105  6:46  Hydralisk x3  
  109  6:50  Overlord x2  
  109  6:51  Drone  
  109  6:52  Drone x2  
  116  7:00  Drone x3  
  107  7:27  Roach x6  
  107  7:28  Hydralisk x4  
  107  7:29  Hydralisk x2  
  123  7:34  Drone x5  
  128  7:44  Overseer  
  128  7:46  Overseer  
  128  7:56  Drone  
  128  7:57  Drone x7  
  132  8:00  Drone  
  130  8:10  Drone x7  
  130  8:11  Drone x2  
  140  8:12  Drone  
  140  8:13  Drone  
  140  8:17  Roach x2  
  145  8:23  Roach x2  
  145  8:27  Spore Crawler, Extractor x2  
  148  8:29  Spore Crawler  
  148  8:30  Spore Crawler  
  148  8:32  Hydralisk  
  148  8:33  Hydralisk x3  
  152  8:40  Spine Crawler  
  151  8:42  Spine Crawler  
  150  8:53  Hydralisk  
  150  8:54  Hydralisk x4  
  160  8:56  Overlord x2  
  160  9:15  Hydralisk  
  160  9:16  Hydralisk x7  
  176  9:38  Overlord x2  
  176  9:39  Overlord x2  
  150  9:53  Hydralisk  
  150  9:54  Hydralisk x10  
  141  10:00  Roach x2  
  141  10:01  Roach  
  145  10:09  Overseer x2  
  145  10:10  Pneumatized Carapace  
  141  10:18  Roach  
  141  10:19  Roach x5  
  151  10:31  Ravager  
  151  10:32  Ravager x3  
  151  10:33  Roach x6  
  167  10:40  Roach x4  
  169  10:49  Spine Crawler  
  168  10:51  Ravager x2  
  168  10:52  Roach  
  168  10:53  Roach x3  
  178  11:01  Lurker Den  
  178  11:02  Evolution Chamber  
  178  11:03  Evolution Chamber, Zergling x6  
  179  11:22  Roach  
  179  11:23  Roach x5  
  191  11:33  Overlord  
  191  11:34  Overlord x2  
  191  11:54  Hydralisk x4  
  191  11:59  Infestation Pit  
  198  12:12  Spore Crawler  
  198  12:15  Hatchery  
  196  12:21  Hydralisk x2  
Tags
 
Add a new tag
Caveats
  • Supply blocks, unpowered buildings, or Contaminate may cause inaccurate times.
  • Supply counts are checked every 10 seconds.